Map: [ESL] Goldenaura

Players

Harstem - Winner!

  • Race: Protoss Protoss
  • League: Master
  • Spawn Location: 12:00

Rob

  • Race: Protoss Protoss
  • Spawn Location: 5:00

Event: ESL SC2 Masters 2023 Winter (Finals)

VOD

Have the link to the VOD?

Description

Time

  • Played on: Dec. 15, 2023, 2:27 p.m.
  • Length: 16:25

All games in this series

Show
View Real Time Build Order
Export as new Build Order

Harstem Protoss - Winner!

Build Orders: Phoenix Opening, Blink Stalkers, Chargelot Immortal 

Get SALT Encoding   

  12  0:00  Probe  
  13  0:12  Probe  
  14  0:17  Pylon  
  14  0:24  Probe (Chrono Boost)  
  15  0:36  Probe (Chrono Boost)  
  15  0:38  Gateway  
  16  0:45  Probe (Chrono Boost)  
  16  0:49  Assimilator  
  17  0:51  Probe  
  18  0:57  Assimilator  
  18  1:03  Probe (Chrono Boost)  
  19  1:10  Gateway  
  19  1:13  Probe (Chrono Boost)  
  19  1:18  Probe (Chrono Boost)  
  21  1:26  Cybernetics Core  
  21  1:30  Probe  
  22  1:37  Pylon  
  22  1:42  Probe  
  23  1:55  Probe  
  23  2:00  Warp Gate (Chrono Boost)  
  24  2:03  Stalker  
  29  2:08  Probe  
  29  2:13  Sentry  
  29  2:15  Pylon  
  29  2:20  Probe  
  30  2:27  Pylon  
  30  2:34  Stalker  
  32  2:39  Sentry, Probe  
  35  2:44  Phoenix  
  35  2:51  Probe  
  36  2:59  Pylon  
  36  3:05  Nexus  
  36  3:07  Probe  
  37  3:14  Twilight Council  
  37  3:19  Probe (Chrono Boost)  
  38  3:31  Probe (Chrono Boost), Phoenix  
  39  3:39  Probe (Chrono Boost)  
  40  3:42  Adept x2  
  40  3:45  Probe  
  40  3:46  Blink (Chrono Boost)  
  46  4:05  Nexus  
  46  4:07  Probe  
  46  4:14  Pylon  
  46  4:18  Phoenix  
  46  4:21  Robotics Facility  
  46  4:23  Probe  
  47  4:31  Stalker  
  50  4:35  Probe  
  50  4:36  Stalker  
  52  4:38  Probe  
  52  4:42  Shield Battery  
  53  4:47  Probe  
  53  4:52  Probe  
  55  4:55  Shield Battery, Stalker  
  55  4:59  Probe, Phoenix  
  58  5:04  Probe  
  59  5:08  Stalker  
  59  5:11  Probe  
  59  5:13  Observer (Chrono Boost)  
  63  5:17  Probe  
  65  5:23  Pylon  
  65  5:27  Stalker  
  65  5:28  Immortal (Chrono Boost)  
  67  5:33  Gateway  
  67  5:35  Stalker  
  68  5:38  Probe  
  68  5:42  Gateway, Probe  
  70  5:43  Probe  
  71  5:50  Probe  
  71  5:52  Stalker  
  71  5:53  Immortal (Chrono Boost)  
  78  5:58  Probe  
  78  5:59  Pylon  
  78  6:01  Stalker  
  81  6:06  Probe  
  81  6:08  Probe, Phoenix, Pylon  
  81  6:10  Probe  
  84  6:16  Stalker  
  87  6:18  Probe (Chrono Boost)  
  87  6:20  Probe (Chrono Boost)  
  87  6:23  Probe (Chrono Boost)  
  87  6:25  Forge  
  89  6:30  Probe (Chrono Boost)  
  89  6:31  Stalker x2  
  89  6:32  Probe (Chrono Boost)  
  96  6:33  Phoenix  
  96  6:34  Probe (Chrono Boost)  
  96  6:38  Probe (Chrono Boost)  
  96  6:39  Probe (Chrono Boost)  
  98  6:41  Assimilator, Charge  
  98  6:45  Nexus  
  98  6:47  Protoss Ground Weapons Level 1 (Chrono Boost)  
  98  6:50  Probe  
  98  6:52  Observer, Probe  
  98  6:54  Pylon  
  100  6:59  Gateway  
  100  7:00  Gateway  
  100  7:01  Probe  
  101  7:03  Gateway  
  101  7:05  Observer  
  101  7:07  Gateway, Probe  
  102  7:19  Stalker x2  
  102  7:21  Pylon  
  102  7:24  Stalker  
  102  7:25  Probe  
  103  7:30  Pylon  
  101  7:41  Stalker  
  101  7:42  Probe  
  102  7:44  Zealot x2, Shield Battery  
  102  7:47  Immortal (Chrono Boost), Probe  
  102  7:49  Pylon  
  102  7:50  Stalker, Pylon  
  110  7:52  Observer, Shield Battery  
  110  7:53  Probe  
  110  7:56  Stalker, Probe  
  110  7:58  Probe  
  115  7:59  Zealot x2  
  117  8:05  Shield Battery  
  117  8:06  Stalker  
  117  8:11  Stalker  
  117  8:14  Zealot x3  
  123  8:22  Zealot x3  
  129  8:31  Immortal (Chrono Boost)  
  129  8:32  Zealot  
  134  8:35  Pylon  
  134  8:39  Zealot x4  
  141  8:45  Zealot x3  
  135  8:49  Protoss Ground Weapons Level 2 (Chrono Boost)  
  129  8:56  Zealot  
  129  8:57  Probe  
  129  8:58  Probe  
  129  9:00  Gateway  
  129  9:02  Gateway  
  129  9:04  Stalker  
  129  9:05  Stalker x2  
  129  9:08  Probe  
  136  9:10  Photon Cannon  
  136  9:13  Observer  
  136  9:16  Immortal (Chrono Boost)  
  136  9:20  Nexus, Zealot  
  136  9:24  Forge  
  142  9:28  Stalker x2  
  144  9:32  Stalker  
  144  9:36  Zealot x3  
  151  9:39  Zealot  
  153  9:48  Zealot  
  155  9:59  Zealot x3, Warp Prism (Chrono Boost), Stalker x3  
  167  10:00  Zealot x2  
  167  10:06  Probe  
  164  10:10  Photon Cannon  
  164  10:13  Zealot x2, Protoss Ground Armor Level 1 (Chrono Boost)  
  168  10:20  Pylon  
  168  10:22  Pylon  
  168  10:24  Pylon  
  168  10:25  Pylon  
  152  10:29  Stalker x4  
  152  10:30  Zealot x2  
  158  10:39  Stalker x2  
  150  10:43  Zealot x2  
  144  10:53  Zealot x6  
  148  11:01  Probe x2  
  148  11:02  Probe x2  
  148  11:03  Pylon  
  148  11:04  Probe  
  151  11:06  Photon Cannon  
  151  11:09  Shield Battery  
  145  11:13  Stalker x4  
  145  11:18  Nexus, Probe x2  
  155  11:22  Photon Cannon  
  155  11:28  Protoss Ground Weapons Level 3 (Chrono Boost)  
  155  11:29  Probe x2  
  155  11:32  Probe  
  158  11:37  Zealot x8  
  172  11:40  Pylon  
  172  11:41  Probe  
  173  11:48  Photon Cannon  
  173  11:49  Shield Battery, Stalker x2  
  173  11:52  Pylon  
  177  11:54  Probe, Pylon  
  177  11:59  Zealot x2  
  177  12:00  Zealot x2  
  186  12:02  Protoss Ground Armor Level 2 (Chrono Boost)  
  186  12:06  Probe  
  187  12:14  Gateway x2  
  187  12:16  Photon Cannon, Stalker x2  
  191  12:23  Pylon  
  191  12:24  Probe  
  191  12:26  Pylon  
  192  12:30  Gateway  
  192  12:33  Gateway  
  192  12:35  Gateway  
  192  12:36  Stalker x4  
  198  12:40  Gateway  
  198  12:41  Pylon  
  195  12:44  Probe  
  195  12:49  Warp Prism (Chrono Boost)  
  195  13:04  Pylon, Robotics Bay  
  195  13:18  Photon Cannon  
  175  13:20  Photon Cannon  
  175  13:22  Photon Cannon x2  
  163  13:29  Zealot x12  
  163  13:30  Zealot x2  
  163  13:33  Zealot  
  159  13:36  Probe  
  159  13:39  Photon Cannon  
  159  13:40  Assimilator  
  158  13:44  Photon Cannon  
  158  13:49  Robotics Facility  
  158  13:52  Stalker x7  
  172  13:58  Stalker  
  174  14:05  Probe  
  173  14:11  Photon Cannon  
  173  14:12  Photon Cannon  
  173  14:13  Photon Cannon  
  173  14:15  Nexus, Zealot x2, Photon Cannon  
  164  14:17  Cybernetics Core  
  164  14:18  Photon Cannon  
  164  14:19  Sentry, Zealot x3, Photon Cannon  
  162  14:32  Disruptor (Chrono Boost)  
  154  14:40  Zealot x9  
  154  14:42  Assimilator  
  168  14:51  Zealot x5  
  170  14:59  Zealot x2  
  166  15:06  Zealot x5  
  170  15:09  Pylon  
  164  15:15  Stalker x2  
  166  15:24  Zealot x5  
  166  15:27  Observer  
  136  15:30  Stalker x2  
  136  15:31  Stalker  
  132  15:41  Stalker x4  
  137  15:46  Disruptor (Chrono Boost)  
  130  15:52  Zealot x3  
  130  15:54  Shield Battery  
  137  15:59  Stalker x2  
  137  16:03  Zealot x2  
  134  16:11  Stalker x2  
  122  16:18  Stalker  
  122  16:19  Zealot x3  
  122  16:24  Photon Cannon  
Show
View Real Time Build Order
Export as new Build Order

Rob Protoss 

Build Orders: Phoenix Opening, Blink Stalkers 

Get SALT Encoding   

  12  0:00  Probe  
  13  0:12  Probe  
  14  0:19  Pylon  
  14  0:24  Probe  
  15  0:37  Probe (Chrono Boost)  
  15  0:40  Gateway  
  16  0:46  Probe (Chrono Boost)  
  16  0:49  Assimilator  
  17  0:51  Probe  
  17  0:55  Assimilator  
  18  1:03  Probe (Chrono Boost)  
  19  1:09  Gateway  
  19  1:15  Probe (Chrono Boost)  
  20  1:22  Probe (Chrono Boost)  
  21  1:29  Cybernetics Core  
  21  1:30  Probe  
  22  1:38  Pylon  
  22  1:42  Probe  
  23  2:03  Warp Gate (Chrono Boost)  
  23  2:05  Stalker x2  
  27  2:15  Pylon  
  27  2:33  Pylon  
  27  2:43  Nexus  
  27  2:51  Sentry x2  
  27  2:53  Probe  
  32  3:05  Probe (Chrono Boost)  
  32  3:09  Twilight Council  
  33  3:14  Sentry  
  33  3:18  Probe (Chrono Boost)  
  36  3:23  Phoenix  
  36  3:24  Probe (Chrono Boost)  
  36  3:25  Stalker  
  39  3:37  Pylon  
  39  3:39  Blink (Chrono Boost)  
  39  3:55  Probe x2  
  41  4:00  Stalker  
  41  4:01  Phoenix  
  43  4:06  Stalker  
  43  4:07  Probe x2  
  47  4:19  Probe x2  
  47  4:23  Robotics Facility  
  49  4:31  Stalker, Probe x2  
  53  4:39  Pylon  
  53  4:43  Stalker, Probe  
  57  4:45  Probe  
  57  4:46  Assimilator  
  57  4:49  Phoenix  
  57  4:53  Gateway  
  57  4:57  Gateway  
  57  4:58  Probe  
  58  5:00  Probe  
  58  5:05  Gateway  
  59  5:10  Probe  
  59  5:11  Observer  
  59  5:12  Probe  
  62  5:17  Stalker  
  62  5:19  Stalker  
  66  5:27  Phoenix  
  66  5:32  Probe x2  
  68  5:41  Pylon  
  68  5:43  Pylon  
  68  5:44  Probe x2  
  68  5:45  Phoenix  
  68  5:46  Nexus  
  70  5:59  Probe x2  
  70  6:01  Stalker x2  
  70  6:03  Stalker  
  78  6:06  Stalker  
  80  6:12  Stalker  
  80  6:13  Probe x2  
  84  6:21  Forge  
  84  6:25  Probe  
  84  6:26  Probe  
  84  6:30  Pylon x2  
  86  6:36  Protoss Ground Weapons Level 1 (Chrono Boost)  
  86  6:45  Gateway  
  86  6:46  Gateway  
  86  6:49  Pylon  
  86  6:51  Probe x2  
  88  6:58  Stalker  
  88  6:59  Stalker x2  
  94  7:03  Stalker  
  94  7:08  Pylon, Stalker  
  98  7:14  Robotics Bay  
  98  7:16  Probe x2  
  98  7:17  Probe  
  101  7:25  Stalker x2  
  100  7:42  Stalker x5  
  108  7:49  Stalker x2  
  108  7:50  Charge (Chrono Boost)  
  112  7:53  Pylon  
  112  7:59  Nexus  
  112  8:14  Zealot x3, Stalker x3  
  112  8:17  Probe x2  
  112  8:18  Probe  
  127  8:29  Probe x2  
  127  8:30  Disruptor (Chrono Boost), Probe  
  132  8:36  Assimilator  
  132  8:39  Gateway x2  
  110  8:51  Zealot x2, Stalker x3  
  110  8:52  Zealot x2  
  116  8:56  Probe x2 (Chrono Boost)  
  116  8:59  Probe (Chrono Boost)  
  117  9:05  Protoss Ground Weapons Level 2 (Chrono Boost)  
  119  9:10  Probe x3 (Chrono Boost)  
  120  9:17  Probe (Chrono Boost)  
  120  9:18  Zealot x5, Probe (Chrono Boost)  
  133  9:26  Zealot x2  
  133  9:27  Probe (Chrono Boost)  
  133  9:29  Probe x2 (Chrono Boost)  
  139  9:33  Zealot  
  139  9:35  Photon Cannon  
  139  9:38  Pylon  
  139  9:48  Zealot x3  
  138  9:56  Probe x3  
  133  10:01  Zealot x6  
  133  10:06  Disruptor (Chrono Boost)  
  145  10:11  Photon Cannon  
  145  10:13  Photon Cannon  
  149  10:14  Photon Cannon  
  149  10:15  Shield Battery  
  149  10:21  Robotics Facility  
  143  10:30  Zealot x7  
  146  10:37  Zealot x2  
  120  10:57  Stalker  
  120  10:58  Stalker x7  
  120  11:11  Probe x2  
  120  11:12  Probe  
  120  11:15  Disruptor (Chrono Boost)  
  127  11:24  Zealot x7, Disruptor (Chrono Boost)  
  141  11:30  Photon Cannon  
  139  11:34  Shield Battery  
  139  11:38  Probe x2  
  139  11:39  Protoss Ground Weapons Level 3 (Chrono Boost)  
  135  11:44  Stalker x5  
  145  11:49  Disruptor (Chrono Boost)  
  145  11:52  Disruptor (Chrono Boost)  
  153  11:59  Photon Cannon  
  153  12:02  Pylon  
  153  12:06  Pylon  
  153  12:07  Pylon  
  153  12:10  Photon Cannon  
  153  12:16  Assimilator  
  153  12:18  Assimilator  
  153  12:19  Disruptor x2 (Chrono Boost)  
  161  12:23  Zealot, Shield Battery  
  163  12:31  Zealot x2, Stalker x3  
  171  12:43  Photon Cannon  
  169  12:46  Photon Cannon  
  169  12:47  Photon Cannon  
  169  12:49  Disruptor (Chrono Boost)  
  169  12:50  Zealot x3  
  179  12:58  Pylon x2  
  177  13:06  Zealot  
  179  13:17  Zealot x8  
  171  13:36  Stalker  
  171  13:37  Stalker x8  
  189  13:41  Observer (Chrono Boost)  
  189  13:45  Dark Shrine  
  190  13:49  Pylon  
  178  14:09  Stalker x4  
  179  14:10  Stalker x4  
  175  14:27  Zealot  
  175  14:29  Probe x3  
  180  14:33  Zealot x3  
  173  14:53  Probe x2  
  173  14:54  Probe  
  162  15:01  Stalker x5  
  162  15:06  Observer (Chrono Boost)  
  147  15:37  Dark Templar x5  
  147  15:41  Observer (Chrono Boost)  
Tags
 
Add a new tag
Caveats
  • Supply blocks, unpowered buildings, or Contaminate may cause inaccurate times.
  • Supply counts are checked every 10 seconds.